 Dungeon Crawl Stone Soup version 0.15-a0-1506-g1b030bc (webtiles) character file.

179 pierdole the Ruinous (level 5, -6/24 HPs)
             Began as a Vine Stalker Conjurer on June 15, 2014.
             Killed by divine providence
             ... invoked by an orc priest
              (11 damage)
             ... on Level 3 of the Dungeon.
             The game lasted 00:14:41 (1660 turns).

pierdole the Ruinous (Vine Stalker Conjurer)        Turns: 1660, Time: 00:14:41

HP  -6/24        AC  2     Str 11      XL: 5   Next: 59%
MP   0/15        EV 12     Int 16      God:
Gold 112         SH  0     Dex 14      Spells:  3 memorised,  5 levels left

rFire  . . .     SeeInvis .     (no weapon)
rCold  . . .     Clarity  .     a - +0 robe
rNeg   . . .     rCorr    .     (no shield)
rPois  .         rRot     +     (no helmet)
rElec  .         Spirit   +     (no cloak)
SustAb .         Warding  .     (no gloves)
rMut   .         Stasis   .     (no boots)
Gourm  .                        (no amulet)
MR     .....                    (no ring)
                                (no ring)

@: not resistant to hostile enchantments, unstealthy
A: fangs 2, regeneration 1, magic shield, antimagic bite, no device heal 3, rot
immunity
a: no special abilities


You were on level 3 of the Dungeon.
You were not hungry.

You visited 1 branch of the dungeon, and saw 3 of its levels.

You collected 112 gold pieces.

Inventory:

Armour
 a - a +0 robe (worn)
Comestibles
 b - 3 bread rations
 k - a chunk of giant gecko flesh
Scrolls
 f - a scroll of identify {unknown}
 h - a scroll of remove curse
 l - a scroll of immolation {unknown}
Jewellery
 d - an uncursed ring of flight {unknown}
 j - an uncursed ring of invisibility {unknown}
Potions
 e - a potion of restore abilities {unknown}
 g - a potion of magic {unknown}
 i - a potion of beneficial mutation {unknown}
Books
 c - a book of Conjurations

   Spells                             Type                      Level
   *Magic Dart                        Conjuration                  1
   *Searing Ray                       Conjuration                  2
   Dazzling Spray                     Conjuration/Hexes            3
   Fulminant Prism                    Conjuration/Hexes            4
   *Iskenderun's Mystic Blast         Conjuration                  4
   Iskenderun's Battlesphere          Conjuration/Charms           5


   Skills:
 + Level 2.3 Dodging
 - Level 2.4 Stealth
 * Level 4.1 Spellcasting
 * Level 5.2 Conjurations


You had 5 spell levels left.
You knew the following spells:

 Your Spells              Type           Power        Failure   Level  Hunger
a - Magic Dart            Conj           ###.         1%          1    None
b - Searing Ray           Conj           ###...       3%          2    ##.....
c - Iskenderun's Mystic   Conj           ###.....     21%         4    ####...


Dungeon Overview and Level Annotations

Branches:
Dungeon (3/15)

Altars:

Annotations:
D:2 Sigmund


Innate Abilities, Weirdness & Mutations

You have extremely sharp teeth.
Your natural rate of healing is unusually fast.
When hurt, damage is shared between your health and your magic reserves.
Your bite disrupts and absorbs the magic of your enemies.
Potions and wands cannot restore your health.
You are immune to rotting.


Message History

The orc priest is heavily wounded.
The orc hits you but does no damage. The orc barely misses you.
The orc priest barely misses you.
Casting: Searing Ray
Confirm with . or Enter, or press ? or * to list all spells.
Aiming: Searing Ray
Press: ? - help, Shift-Dir - straight line, f - orc priest
Aim: an orc priest, wielding a trident (heavily wounded)
The searing ray hits the orc priest.
The orc priest is heavily wounded.
The orc hits you. The orc closely misses you.
The orc priest hits you but does no damage.
Without enough magic to sustain it, your searing ray dissipates.
The orc misses you.
The orc hits you from afar with a trident.
* * * LOW HITPOINT WARNING * * *
The orc closely misses you. The orc priest misses you. The orc misses you.
The orc priest calls down the wrath of Beogh upon you.
Something smites you!
You die...

####..............# #.
#..............#
#..............+
#..............#
#..........)...# #
#..............#### .#
#.................##.(#
###########...........#
#..@....##..# #.(o....#
#.......# #...oo..#
#.....).# #....B.$#
#.......# #.......#
#......[#


You could see a goliath beetle, an orc priest and 2 orcs.

Vanquished Creatures
  An orc priest (D:3)
  An orc wizard (D:3)
  4 adders
  A worm (D:3)
  A giant gecko (D:3)
  8 orcs (D:3)
  14 bats
  4 giant cockroaches
  2 goblins
  8 hobgoblins
  4 jackals (D:2)
  7 kobolds
  A ball python (D:3)
  4 giant newts
  5 rats
65 creatures vanquished.

Notes
Turn   | Place    | Note
--------------------------------------------------------------
     0 | D:1      | pierdole, the Vine Stalker Conjurer, began the quest for the Orb.
     0 | D:1      | Reached XP level 1. HP: 9/9 MP: 3/3
   202 | D:1      | Reached XP level 2. HP: 7/13 MP: 0/5
   608 | D:1      | Reached XP level 3. HP: 16/16 MP: 4/7
   805 | D:2      | Learned a level 2 spell: Searing Ray
  1019 | D:2      | Reached XP level 4. HP: 21/21 MP: 0/10
  1143 | D:2      | Noticed Sigmund
  1426 | D:3      | Reached skill level 5 in Conjurations
  1426 | D:3      | Reached XP level 5. HP: 24/24 MP: 6/14
  1558 | D:3      | Learned a level 4 spell: Iskenderun's Mystic Blast
  1660 | D:3      | Killed from afar by an orc priest

Action                   |  1- 3 |  4- 6 || total
-------------------------+-------+-------++-------
Melee: Unarmed           |    10 |    26 ||    36
 Cast: Magic Dart        |    65 |    41 ||   106
       Searing Ray       |     2 |     8 ||    10
  Use: Scroll            |     2 |       ||     2
